 Dungeon Crawl Stone Soup version 0.26-a0-576-gcfaa98f945 (webtiles) character file.

Game seed: 10148722158691278420

651419 kuniqs the Executioner (level 27, -4/278 HPs)
             Began as a Palentonga Berserker on Aug 22, 2020.
             Was the Champion of Trog.
             Slain by a reaper
             ... wielding a +1 scythe of flaming
              (37 damage)
             ... on level 9 of a ziggurat.
             The game lasted 01:46:22 (57046 turns).

kuniqs the Executioner (Palentonga Berserker)      Turns: 57046, Time: 01:46:23

Health: -4/278     AC: 37    Str: 44    XL:     27
Magic:  23/23      EV: 25    Int: 10    God:    Trog [******]
Gold:   5808       SH:  0    Dex: 16    Spells: 26/26 levels left

rFire    + + +     SeeInvis +   B - +9 executioner's axe (vorpal)
rCold    . . .     Faith    .   (shield currently unavailable)
rNeg     + . .     Spirit   .   o - +4 faerie dragon scales {rCorr HP+5 Slay+3}
rPois    +         Reflect  .   v - +2 helmet
rElec    +         Harm     .   H - scarf {repulsion}
rCorr    +                      R - +5 pair of gloves of Salvation {Str+3}
MR       +++..                  K - +4 barding {rF+}
Stlth    ++........             N - amulet "Binu Ginn" {+Fly Regen+ Dex+4}
HPRegen  0.00/turn              T - ring of Leaves {rElec rN+ MR+ Dex+4 Stlth+}
MPRegen  0.18/turn              f - ring of Riniyg {rPois rF+ EV+4 Str+8 Dex-2}

@: flayed, hasted, repel missiles, very quick
A: large, rugged brown scales 3, see invisible, deformed body, fire resistance
1, inhibited regeneration, strong 1, roll, armoured tail
}: 4/15 runes: serpentine, barnacled, slimy, silver
a: Rolling Charge, Berserk, Trog's Hand, Brothers in Arms, Renounce Religion,
Evoke Flight


You were on level 9 of a ziggurat.
You worshipped Trog.
Trog was exalted by your worship.
You visited 11 branches of the dungeon, and saw 53 of its levels.
You visited the Abyss 1 time.
You visited 1 ziggurat, and saw 9 of its levels.
You also visited: Trove, Ossuary, Ice Cave and Volcano.

You collected 10473 gold pieces.
You spent 4665 gold pieces at shops.

Inventory:

Hand Weapons
 B - a +9 vorpal executioner's axe (weapon)
 M - the +7 war axe of the Shouting Eel {elec, Str+4}
   (You bought it in a shop on level 12 of the Dungeon)

   Occasionally, upon striking a foe, it will discharge some electrical energy
   and cause terrible harm.
   It affects your strength (+4).
Armour
 o - the +4 faerie dragon scales (worn) {rCorr HP+5 Slay+3}
   (You took it off the Enchantress on level 1 of the Depths)

   It affects your accuracy and damage with ranged weapons and melee attacks
   (+3).
   It affects your health (+5).
   It provides partial protection from all sources of acid and corrosion.
 v - a +2 helmet (worn)
 H - a scarf of repulsion (worn)
 K - a +4 barding of fire resistance (worn)
 R - the +5 pair of gloves of Salvation (worn) {Str+3}
   (You acquired it on level 4 of the Vaults)

   It affects your strength (+3).
Jewellery
 d - the ring "Heowoffa" {rPois MR+ Str+6 Slay+5}
   (You bought it in a shop on level 5 of the Vaults)

   [ring of strength]

   It affects your strength (+6).
   It affects your accuracy and damage with ranged weapons and melee attacks
   (+5).
   It protects you from poison.
   It affects your resistance to hostile enchantments.
 f - the ring of Riniyg (right hand) {rPois rF+ EV+4 Str+8 Dex-2}
   (You found it on level 3 of the Depths)

   [ring of evasion]

   It affects your evasion (+4).
   It affects your strength (+8).
   It affects your dexterity (-2).
   It protects you from fire.
   It protects you from poison.
 N - the amulet "Binu Ginn" (around neck) {+Fly Regen+ Dex+4}
   (You found it on level 3 of the Crypt)

   [amulet of regeneration]

   It affects your dexterity (+4).
   It lets you fly.
   It increases your rate of regeneration.
 T - the ring of Leaves (left hand) {rElec rN+ MR+ Dex+4 Stlth+}
   (You found it in a treasure trove)

   [ring of positive energy]

   It affects your dexterity (+4).
   It insulates you from electricity.
   It protects you from negative energy.
   It affects your resistance to hostile enchantments.
   It makes you more stealthy.
Wands
 y - a wand of acid (69)
 z - a wand of digging (32)
 C - a wand of paralysis (47)
 E - a wand of iceblast (45)
 I - a wand of polymorph (25)
 S - a wand of disintegration (13)
Scrolls
 b - 12 scrolls of enchant weapon
 c - 32 scrolls of teleportation
 e - 8 scrolls of blinking
 g - 17 scrolls of fog
 i - 4 scrolls of immolation
 l - 9 scrolls of magic mapping
 m - 16 scrolls of enchant armour
 n - 29 scrolls of remove curse {@r2}
 t - 4 scrolls of silence
 D - 3 scrolls of holy word
 G - 6 scrolls of fear
 J - 9 scrolls of identify {@r1}
 L - 2 scrolls of summoning
 O - a scroll of torment
Potions
 a - 9 potions of flight
 h - 20 potions of curing {@q1}
 j - 10 potions of might
 k - 7 potions of invisibility
 q - 3 potions of ambrosia
 r - 5 potions of resistance
 s - 3 potions of cancellation
 u - 3 potions of heal wounds
 w - 10 potions of haste
 A - 3 potions of magic
 F - 3 potions of mutation
Miscellaneous
 p - a lightning rod (4/4)
 x - a box of beasts (3/3)
 P - a condenser vane (2/2)
 Q - a tin of tremorstones (2/3)


   Skills:
 + Level 22.4 Fighting
 + Level 24.0 Axes
 + Level 19.5 Armour
 + Level 19.4 Dodging
 - Level 15.0 Evocations


You had 26 spell levels left.
You didn't know any spells.
Your spell library was empty.

Dungeon Overview and Level Annotations

Branches:
Dungeon (15/15)            Temple (1/1) D:7            Lair (6/6) D:11
 Shoals (4/4) Lair:3        Snake (4/4) Lair:2        Slime (5/5) Lair:5
    Orc (2/2) D:12            Elf (3/3) Orc:2        Vaults (5/5) D:14
  Crypt (3/3) Vaults:3       Tomb (0/3) Crypt:3      Depths (5/5) D:15
    Zot (0/5) Depths:5    Ossuary (visited)           IceCv (visited)
Volcano (visited)

Altars:
Cheibriados
Elyvilon
Kikubaaqudgha
Qazlal
Ru
Sif Muna
Trog
Vehumet
Wu Jian
Xom
Zin
Beogh
Jiyva

Shops:
D:7 *(!   D:12 (   D:14 }   Orc:1 !   Orc:2 (=*=   Elf:1 =   Elf:3 [
Shoals:2 [   Snake:1 =   Vaults:1 ::*}   Vaults:3 [   Vaults:5 =   Depths:2 }==

Portals:
Hell: Depths:1 Depths:2 Depths:3 Depths:4 Depths:5
Abyss: Depths:4 Depths:5
Pandemonium: Depths:3 Depths:4

Annotations:
Crypt:1 1 runed translucent door, Namod's ghost, veteran GrFi


Innate Abilities, Weirdness & Mutations

You are completely covered in rugged brown scales. (AC +3, +7% HP)
You have supernaturally acute eyesight. (SInv)
Armour fits poorly on your strangely shaped body.
You can roll at foes to attack.
You have a long armoured tail.
Your flesh is heat resistant. (rF+)
You do not regenerate when monsters are visible.
Your muscles are strong. (Str +2)


Message History

The curse skull completely resists.
The bolt of negative energy misses you.
The flayed ghost stares at you with tortured malice.
Terrible wounds spread across more of your body!
* * * LOW HITPOINT WARNING * * *
You slice the curse skull like a ripe choko!!!
You destroy the curse skull!
Trog accepts your kill.
The wraith disappears in a puff of smoke!
The glowing shapeshifter simulacrum disappears in a puff of smoke!
The vampire disappears in a puff of smoke!
The storm dragon zombie disappears in a puff of smoke!
The wight disappears in a puff of smoke!
The shadow disappears in a puff of smoke!
Your tin of tremorstones (2/3) has regained one charge.
You slash the eidolon! You slash the curse skull! You slash the ghoul!
The curse skull calls on the powers of darkness!
Your body is wracked with pain!
* * * LOW HITPOINT WARNING * * *
The reaper hits you from afar with a +1 scythe of flaming!!!
You die...

▓▓▓.........▓
▓▓............
▓▓.............
▓▓..............
▓...............
▓.............DW
▓▓........W2z....
▓..∩...§.@z§.n...
▓▓........n.§WV..
▓......§...§....
▓.....§.........
▓▓..............
▓▓.............
▓▓............
▓▓▓.........▓


You could see a bone dragon, 2 ghouls, a reaper, an eidolon, an ancient champion
(fast), a jiangshi, 2 flayed ghosts and a curse skull.

Vanquished Creatures
  the Royal Jelly (Slime:5)
  2 ancient liches
  4 juggernauts
  Sojobo (Depths:1)
  A greater mummy (Zig:7)
  Frederick (Vaults:5)
  Margery (Depths:3)
  Nikola (Elf:3)
  4 golden dragons
  A bone dragon (Vaults:3)
  A hellephant (Abyss:2)
  3 liches
  4 tentacled monstrosities
  A deep elf blademaster (Elf:2)
  A titan (Vaults:5)
  The ghost of Execuda the Executioner, an adept MiBe of Trog (Shoals:4)
  2 deep elf master archers (Elf:3)
  3 sphinxes
  3 ancient champions
  The ghost of ANON1729 the Fencer, an adept MiDe of Qazlal (Elf:3)
  An Executioner (Abyss:2)
  2 quicksilver dragons (Vaults:5)
  21 acid blobs
  Agnes (D:15)
  Kirke (D:12)
  13 tengu reavers
  5 shadow dragons
  6 storm dragons
  A revenant (Crypt:3)
  15 nagarajas
  9 frost giants
  13 azure jellies
  2 draconian scorchers (Depths:5)
  8 fire giants
  3 iron dragons
  Aizul (Snake:3)
  12 deep elf sorcerers
  Louise (D:14)
  22 vault wardens
  A ghost moth (Zig:4)
  5 deep elf elementalists
  An emperor scorpion (Zig:4)
  6 curse skulls
  12 ironheart preservers
  5 reapers (Crypt:3)
  4 ghouls
  4 spriggan defenders
  18 stone giants
  6 war gargoyles (Vaults:5)
  24 very ugly things
  17 starcursed masses
  A black draconian (Depths:5)
  4 entropy weavers
  Nessos (D:12)
  18 vampire knights
  2 red draconians
  2 yellow draconians (Depths:5)
  6 deep elf demonologists (Elf:3)
  8 deep elf annihilators
  2 white draconians (Depths:5)
  6 spark wasps
  A dire elephant (Lair:6)
  A purple draconian (Depths:5)
  The ghost of Ciawkirch the Carver, a journeyman MiBe of Trog (Orc:1)
  19 ettins
  13 deep elf death magi
  11 eidola
  3 mummy priests
  13 fire dragons
  Snorg (D:13)
  5 merfolk javelineers (Shoals:4)
  A blizzard demon (Zig:2)
  5 death oozes (Slime:5)
  8 deep elf high priests
  9 merfolk impalers
  Josephine (D:14)
  19 yaktaur captains
  14 great orbs of eyes
  14 jiangshi
  The ghost of Qexka the Cleaver, a journeyman DsBe of Trog (Shoals:1)
  4 rakshasas
  42 vault guards
  10 hydras
  12 naga warriors
  16 ice dragons
  7 spriggan air magi
  A merfolk avatar (Shoals:4)
  A queen ant (Lair:5)
  2 satyrs
  12 anacondas
  11 centaur warriors
  8 death knights
  5 death yaks (Lair:6)
  42 two-headed ogres
  3 shambling mangroves (Zig:8)
  Erica (Lair:2)
  An alligator snapping turtle (Shoals:4)
  7 vampire magi
  6 tengu warriors
  17 ogre magi
  8 deep troll shamans
  5 merfolk aquamancers
  13 spriggan berserkers
  A two-headed ogre (shapeshifter) (Vaults:5)
  25 dancing weapons
  8 shock serpents
  8 deep troll earth magi
  A thrashing horror (Zig:6)
  7 orc high priests
  2 titan zombies (Crypt:3)
  11 naga sharpshooters
  5 soul eaters (Crypt:3)
  2 storm dragon zombies (Crypt:3)
  3 iron trolls
  A salamander mystic (Snake:4)
  3 wretched stars
  14 deep elf knights
  12 hell knights
  19 deep trolls
  2 unseen horrors (shapeshifter) (Vaults:2)
  25 skeletal warriors
  5 glowing orange brains
  A spriggan druid (Zig:8)
  8 naga ritualists
  An unseen horror (D:13)
  7 flayed ghosts
  2 storm dragon skeletons (Crypt:3)
  A quicksilver dragon simulacrum (Crypt:2)
  5 shadow wraiths
  The ghost of ikjuyhgtrf the Basher, a novice MiFi of Okawaru (D:6)
  10 sea snakes
  A swamp dragon (Lair:6)
  13 harpies
  4 wizards
  14 ironbrand convokers
  22 phantasmal warriors
  A shadow dragon zombie (Crypt:1)
  8 large abominations
  12 orc knights
  3 iron dragon zombies
  2 lindwurms (Lair:6)
  An orb spider (Zig:4)
  A stone giant zombie (Depths:2)
  A golden dragon skeleton (Crypt:3)
  24 necromancers
  3 wolf spider zombies
  2 frost giant zombies (Crypt:3)
  67 deep elf magi
  6 oklob plants
  11 deep elf archers
  A shadow dragon skeleton (Depths:2)
  2 orc sorcerers
  12 wolf spiders
  39 ugly things
  12 mana vipers
  16 manticores
  An orb spider (shapeshifter) (Elf:1)
  11 cyclopes
  A salamander (shapeshifter) (Vaults:5)
  4 fire giant zombies
  A cyclops (shapeshifter) (Vaults:2)
  4 shining eyes
  A mana viper (shapeshifter) (Vaults:5)
  11 salamanders
  A sphinx skeleton (Depths:1)
  13 fauns
  13 elephants (Lair:6)
  A moth of wrath (Shoals:1)
  42 black mambas
  An iron dragon skeleton (Crypt:3)
  2 fire giant skeletons
  A stone giant skeleton (Crypt:3)
  A shock serpent zombie (Crypt:3)
  20 vault sentinels
  A dire elephant zombie (Crypt:3)
  11 merfolk sirens
  4 guardian serpents
  3 smoke demons
  18 cane toads
  3 ice statues (IceCv)
  18 naga magi
  2 molten gargoyles (Volcano)
  2 gargoyles
  8 water nymphs
  7 eyes of devastation
  A black draconian zombie (Crypt:3)
  6 torpor snails (Lair:6)
  A storm dragon simulacrum (Crypt:1)
  5 kobold demonologists
  A titan simulacrum (Depths:2)
  An emperor scorpion zombie (Crypt:3)
  A rime drake (shapeshifter) (Depths:3)
  An efreet (D:14)
  A komodo dragon (shapeshifter) (Depths:4)
  63 yaktaurs
  A catoblepas zombie (Crypt:3)
  2 centaur skeletons
  A demonic crawler (Zig:4)
  6 rime drakes
  10 freezing wraiths
  6 guardian mummies
  13 hellwings (Crypt:3)
  8 komodo dragons
  10 ice devils
  3 ancient zymes
  A silent spectre (Zig:5)
  A red draconian skeleton (Crypt:2)
  3 tengu conjurers
  2 harpy zombies (Crypt:2)
  3 jumping spiders
  A polar bear (D:10)
  3 trolls
  A meliai (shapeshifter) (Vaults:3)
  A polar bear (shapeshifter) (Depths:2)
  25 merfolk
  A tengu simulacrum (Vaults:2)
  A blink frog (shapeshifter) (Depths:4)
  73 slime creatures
  18 snapping turtles
  A death drake skeleton (Crypt:2)
  21 hornets
  A harpy skeleton (Crypt:1)
  6 wind drakes
  A raiju (Abyss:2)
  4 tyrant leeches
  An ice dragon zombie (Crypt:3)
  6 blink frogs
  A hydra skeleton (Abyss:2)
  5 ettin zombies
  A bog body (Zig:8)
  A hippogriff (shapeshifter) (Vaults:3)
  19 hippogriffs
  A fire giant simulacrum (Vaults:3)
  2 frost giant simulacra
  7 redbacks
  3 dream sheep (Lair:6)
  2 black mamba zombies (Crypt:2)
  A vampire (D:12)
  4 ynoxinuls
  An ettin skeleton (Depths:1)
  4 air elementals
  5 flying skulls
  An ice dragon skeleton (Crypt:3)
  17 water elementals
  A tarantella (shapeshifter) (Elf:1)
  20 wraiths
  25 yaks
  9 spriggans
  9 wyverns
  A tarantella (Zig:4)
  A shadow (D:14)
  4 ushabtiu
  4 hogs (D:12)
  8 fire bats
  2 golden eyes (shapeshifter)
  7 golden eyes
  3 yaks (shapeshifter)
  8 basilisks
  17 humans (D:14)
  7 vampire mosquitoes
  4 steam dragons
  7 fire elementals
  7 small abominations
  A basilisk (shapeshifter) (Depths:1)
  A neqoxec (Abyss:2)
  2 humans (shapeshifter)
  2 chaos spawn (Abyss:2)
  A yaktaur simulacrum (Vaults:3)
  54 nagas
  A warg (shapeshifter) (Depths:5)
  8 wargs
  18 water moccasins
  A cane toad zombie (Crypt:3)
  3 floating eyes (Depths:3)
  14 soldier ants (Lair:5)
  A soldier ant (shapeshifter) (Vaults:4)
  3 acid dragons
  2 swamp drakes
  3 porcupines
  A two-headed ogre skeleton (Crypt:2)
  6 hell hounds
  An eye of draining (shapeshifter) (D:15)
  2 ice beasts
  A black bear (shapeshifter) (Depths:1)
  2 ettin simulacra
  26 orc warriors
  5 sky beasts
  A hornet zombie (D:15)
  4 necrophages
  12 eyes of draining
  24 ogres
  4 phantoms
  36 wolves (Lair:2)
  An ogre (shapeshifter) (Vaults:3)
  10 boggarts
  2 swamp dragon skeletons
  24 centaurs
  A snapping turtle skeleton (Crypt:3)
  22 crocodiles
  A human skeleton (Vaults:4)
  An elf zombie (Ossuary)
  A big kobold (D:14)
  19 bullfrogs
  A salamander skeleton (Crypt:1)
  4 earth elementals
  2 wyvern zombies (D:13)
  An elf skeleton (D:7)
  A yaktaur skeleton (Crypt:1)
  6 wyvern skeletons
  A hornet simulacrum (D:14)
  4 scorpions
  A tengu zombie (Depths:2)
  A water moccasin skeleton (D:4)
  4 killer bees
  4 wights (D:15)
  10 howler monkeys
  5 electric eels
  3 bullfrog zombies
  5 centaur zombies
  A crimson imp (D:11)
  4 human zombies
  2 quasits
  3 human simulacra
  6 lava snakes (Volcano)
  A draconian simulacrum (IceCv)
  3 bullfrog skeletons
  19 jellies
  36 orc priests
  7 hounds
  Crazy Yiuf (D:6)
  An iguana (Lair:6)
  12 orc wizards
  22 worker ants
  3 troll simulacra (IceCv)
  3 spriggan simulacra
  A killer bee zombie (D:7)
  3 centaur simulacra
  3 hound zombies (Ossuary)
  2 naga skeletons (Crypt:1)
  28 mummies
  A howler monkey zombie (Crypt:2)
  7 gnolls
  14 adders
  2 naga simulacra (IceCv)
  An ogre simulacrum (IceCv)
  A shadow imp (D:6)
  12 white imps
  An ufetubus (D:10)
  4 oozes
  7 adder zombies (Ossuary)
  A halfling zombie (Crypt:1)
  An adder skeleton (D:4)
  3 worms
  3 dart slugs
  9 leopard geckos
  110 orcs
  A ball python (D:2)
  5 giant cockroaches
  2 gnoll zombies (Ossuary)
  6 goblins
  7 hobgoblins
  10 jackals
  7 kobolds
  A quokka (D:8)
  3 bats
  4 frilled lizards
  3 goblin zombies (Ossuary)
  8 hobgoblin zombies
  A jackal skeleton (D:7)
  5 jackal zombies
  A leopard gecko skeleton (D:4)
  4 orc zombies
  2 quokka skeletons
  4 quokka zombies (Ossuary)
  13 rats
  2 rat zombies (Ossuary)
  A fungus (Lair:2)
  2 lurking horrors (Abyss:2)
  12 plants
  4 withered plants (Crypt:3)
2731 creatures vanquished.

Vanquished Creatures (collateral kills)
  the Enchantress (Depths:1)
  Asterion (Snake:4)
  An acid blob (Slime:4)
  An ancient champion (Crypt:1)
  An azure jelly (Slime:4)
  A great orb of eyes (Slime:4)
  A hydra (D:11)
  A glowing orange brain (Slime:4)
  A faun (Shoals:1)
  A manticore (D:14)
  3 shining eyes
  A slime creature (Depths:1)
  A hippogriff (D:11)
  A yak (Lair:5)
  3 soldier ants (Lair:5)
  A floating eye (Slime:3)
  An orc warrior (Orc:2)
  A centaur (D:11)
  An orc wizard (Orc:2)
  An orc (Orc:2)
  A frilled lizard skeleton (Crypt:1)
25 creatures vanquished.

Vanquished Creatures (others)
  A vault guard (Vaults:5)
  A merfolk avatar (Shoals:2)
  2 deep elf magi
  A necromancer (Depths:2)
  A komodo dragon (Lair:6)
  A yaktaur (Depths:2)
  A polar bear (shapeshifter) (Elf:2)
  A water elemental (D:14)
  3 golden eyes (Abyss:2)
  2 soldier ants (Lair:5)
  A boggart (Vaults:2)
  22 fungi
  118 plants
  14 withered plants
169 creatures vanquished.

Grand Total: 2925 creatures vanquished

Notes
Turn   | Place    | Note
-------+----------+-------------------------------------------
     0 | D:1      | kuniqs the Palentonga Berserker began the quest for the
                  | Orb.
     0 | D:1      | Reached XP level 1. HP: 20/20 MP: 1/1
   175 | D:1      | Reached XP level 2. HP: 18/27 MP: 2/2
  1078 | D:1      | Reached XP level 3. HP: 33/33 MP: 3/3
  1215 | D:2      | Reached ** piety under Trog
  1724 | D:2      | Reached XP level 4. HP: 32/40 MP: 2/4
  2143 | D:3      | Found a snail-covered altar of Cheibriados.
  2226 | D:3      | Reached skill level 4 in Axes
  2268 | D:3      | Reached XP level 5. HP: 13/49 MP: 1/5
  3236 | D:4      | Reached XP level 6. HP: 48/55 MP: 6/6
  3655 | D:4      | Reached *** piety under Trog
  3763 | D:4      | Reached skill level 5 in Axes
  3936 | D:5      | Entered Level 5 of the Dungeon
  3962 | D:5      | Reached XP level 7. HP: 53/64 MP: 7/7
  3988 | D:5      | Noticed a moth of wrath
  3991 | D:5      | Found a bloodstained altar of Trog.
  4103 | D:5      | Found a sand-covered staircase.
  4108 | Ossuary  | Entered an ossuary
  4147 | Ossuary  | Reached skill level 6 in Axes
  4238 | Ossuary  | Reached **** piety under Trog
  4285 | Ossuary  | Reached skill level 5 in Fighting
  4409 | D:5      | Reached XP level 8. HP: 63/72 MP: 8/8
  4733 | D:6      | Reached skill level 7 in Axes
  5152 | D:6      | Found a shimmering altar of Xom.
  5152 | D:6      | Noticed ikjuyhgtrf's ghost (novice MiFi)
  5152 | D:6      | Noticed a +2 spear of chaos
  5153 | D:6      | Found a runed translucent door.
  5213 | D:6      | Found a runed translucent door.
  5214 | D:6      | Noticed Crazy Yiuf
  5222 | D:6      | Paralysed by Crazy Yiuf for 7 turns
  5229 | D:6      | Killed Crazy Yiuf
  5438 | D:7      | Reached ***** piety under Trog
  5629 | D:7      | Found a stormy altar of Qazlal.
  5672 | D:7      | You fall into a shaft and drop 2 floors!
  5737 | D:9      | Reached skill level 8 in Axes
  5737 | D:9      | Reached XP level 9. HP: 60/80 MP: 7/9
  5901 | D:8      | Reached skill level 1 in Evocations
  5912 | D:8      | Reached skill level 5 in Armour
  5912 | D:8      | Reached skill level 5 in Dodging
  5951 | D:7      | Found a staircase to the Ecumenical Temple.
  5959 | Temple   | Entered the Ecumenical Temple
  6022 | D:7      | Found Ezoryph's Distillery.
  6029 | D:7      | Bought a potion of mutation for 88 gold pieces
  6029 | D:7      | Bought a potion of degeneration for 11 gold pieces
  6029 | D:7      | Bought 2 potions of curing for 66 gold pieces
  6055 | D:7      | Found Hitwo's Assorted Antiques.
  6061 | D:7      | Received a gift from Trog
  6069 | D:7      | Bought a scroll of identify for 58 gold pieces
  6069 | D:7      | Bought a bubbling brown potion for 26 gold pieces
  6215 | D:7      | Found Iptia's Antique Weapon Shop.
  6284 | D:7      | Reached skill level 9 in Axes
  6312 | D:7      | Found an ancient bone altar of Kikubaaqudgha.
  6704 | D:8      | Reached XP level 10. HP: 80/89 MP: 10/10
  7846 | D:10     | Entered Level 10 of the Dungeon
  7967 | D:10     | Received a gift from Trog
  8185 | D:10     | Reached skill level 10 in Axes
  8518 | D:11     | Got a steaming rapier
  8519 | D:11     | Identified the +7 rapier of Fabulous Valiance {flame, rPois
                  | Str+4 Dex+2} (You found it on level 11 of the Dungeon)
  8588 | D:11     | Noticed a seven-headed hydra
  8594 | D:11     | Killed a seven-headed hydra
  8803 | D:11     | Found a staircase to the Lair.
  9029 | D:12     | Noticed Kirke
  9032 | D:12     | Noticed a lindwurm
  9043 | D:12     | Killed Kirke
  9043 | D:12     | Reached XP level 11. HP: 92/100 MP: 11/11
  9043 | D:12     | Reached skill level 11 in Axes
  9072 | D:12     | Noticed Nessos
  9097 | D:12     | Killed Nessos
  9097 | D:12     | Reached skill level 5 in Evocations
  9795 | D:12     | Found Kakowy's Weapon Shop.
 10291 | D:12     | Found a staircase to the Orcish Mines.
 10562 | D:13     | Found a frozen archway.
 10572 | IceCv    | Entered an ice cave
 10897 | IceCv    | Reached skill level 12 in Axes
 11022 | IceCv    | Reached XP level 12. HP: 40/110 MP: 12/12
 11866 | D:13     | Received a gift from Trog
 11867 | D:13     | Found the +8 mithril axe "Arga" {speed, MR+}
 12213 | D:13     | Noticed a centaur warrior
 12220 | D:13     | Killed a centaur warrior
 12231 | D:13     | Reached skill level 13 in Axes
 12336 | D:13     | Noticed Snorg
 12351 | D:13     | Killed Snorg
 13149 | D:12     | Bought the +7 war axe of the Shouting Eel {elec, Str+4} for
                  | 768 gold pieces
 13189 | D:14     | Noticed a centaur warrior
 13197 | D:14     | Killed a centaur warrior
 13197 | D:14     | Reached skill level 10 in Fighting
 13365 | D:14     | Noticed an eight-headed hydra
 13371 | D:14     | Reached XP level 13. HP: 64/120 MP: 13/13
 13675 | D:14     | Noticed a fire dragon
 13688 | D:14     | Killed a fire dragon
 13862 | D:14     | Noticed Josephine
 13877 | D:14     | Noticed a fire dragon
 13878 | D:14     | Killed Josephine
 13878 | D:14     | Reached skill level 14 in Axes
 13887 | D:14     | Killed a fire dragon
 14392 | D:14     | Found Xuoc's Gadget Shop.
 14420 | D:14     | Noticed Louise
 14442 | D:14     | Killed Louise
 14487 | D:14     | Received a gift from Trog
 14715 | D:14     | Identified a scroll of acquirement
 14717 | D:14     | Found a portal to a secret trove of treasure.
 14728 | D:14     | Acquired a +2 barding of fire resistance
 14951 | D:14     | Found a gate to the Vaults.
 14959 | D:14     | Reached XP level 14. HP: 132/132 MP: 14/14
 15144 | D:15     | Entered Level 15 of the Dungeon
 15700 | D:15     | Noticed Agnes
 15709 | D:15     | Killed Agnes
 15709 | D:15     | Reached skill level 15 in Axes
 15850 | D:15     | Found a staircase to the Depths.
 15850 | D:15     | Noticed a fire giant
 15855 | D:15     | Killed a fire giant
 16070 | D:15     | Received a gift from Trog
 16093 | D:15     | Gained mutation: You occasionally shout uncontrollably at
                  | your foes. [potion of mutation]
 16093 | D:15     | Gained mutation: You have a pair of small horns on your
                  | head. [potion of mutation]
 16093 | D:15     | Gained mutation: You possess an exceptional clarity of
                  | mind. [potion of mutation]
 16094 | D:15     | Lost mutation: You possess an exceptional clarity of mind.
                  | [potion of mutation]
 16094 | D:15     | Lost mutation: You have a pair of small horns on your head.
                  | [potion of mutation]
 16094 | D:15     | Gained mutation: Your natural rate of healing is unusually
                  | fast. [potion of mutation]
 16094 | D:15     | Gained mutation: You are weak. (Str -2) [potion of
                  | mutation]
 16094 | D:15     | Gained mutation: You are frail. (-10% HP) [potion of
                  | mutation]
 16094 | D:15     | Gained mutation: You expend magic power (3 MP) to
                  | strengthen your wands. [potion of mutation]
 16451 | D:14     | Bought a condenser vane (2/2) for 280 gold pieces
 16556 | Orc:1    | Entered Level 1 of the Orcish Mines
 16615 | Orc:1    | Found a dark tunnel.
 16624 | Volcano  | Entered a volcano
 16708 | Volcano  | Found a burning altar of Makhleb.
 16897 | Orc:1    | Found a runed translucent gate.
 16898 | Orc:1    | Found a runed translucent gate.
 16898 | Orc:1    | Noticed Ciawkirch's ghost (journeyman MiBe)
 16899 | Orc:1    | Found a runed translucent gate.
 16902 | Orc:1    | Identified the +8 dire flail "Transmigrator" {vamp, Str+4}
 16902 | Orc:1    | Identified the +7 chain mail "Ironaunn" {Rampage rPois rN+
                  | Str-3}
 16907 | Orc:1    | Found a roughly hewn altar of Beogh.
 16917 | Orc:1    | Killed Ciawkirch's ghost
 16917 | Orc:1    | Reached skill level 10 in Armour
 16919 | Orc:1    | Reached skill level 10 in Dodging
 17131 | Orc:1    | Got a pair of faintly humming gloves
 17142 | Orc:1    | Identified the +1 pair of gloves of the Salmon {rElec SInv}
                  | (You found it on level 1 of the Orcish Mines)
 17283 | Orc:1    | Found Suzxiziz's Distillery.
 17643 | Orc:2    | Entered Level 2 of the Orcish Mines
 17656 | Orc:2    | Found a staircase to the Elven Halls.
 17976 | Orc:2    | Received a gift from Trog
 18085 | Orc:2    | Reached XP level 15. HP: 125/128 MP: 15/15
 18216 | Orc:2    | Found Teruj's Assorted Antiques.
 18216 | Orc:2    | Found Xoargh's Jewellery Emporium.
 18399 | Orc:2    | Found a roughly hewn altar of Beogh.
 18683 | Orc:2    | Found Raxix's Weapon Boutique.
 18701 | Orc:2    | Found Picyeti's Jewellery Emporium.
 18723 | Orc:2    | Bought the ring "Reir" {rC+ rN+ MP+9 Int-4 Dex+2} for 476
                  | gold pieces
 18967 | Lair:1   | Entered Level 1 of the Lair of Beasts
 19139 | Lair:1   | Lost mutation: You are weak. (Str -2) [potion of mutation]
 19139 | Lair:1   | Lost mutation: You occasionally shout uncontrollably at
                  | your foes. [potion of mutation]
 19139 | Lair:1   | Lost mutation: You are frail. (-10% HP) [potion of
                  | mutation]
 19139 | Lair:1   | Gained mutation: Your flesh is cold resistant. (rC+)
                  | [potion of mutation]
 19139 | Lair:1   | Gained mutation: You are agile. (Dex +2) [potion of
                  | mutation]
 19693 | Lair:2   | Found a staircase to the Snake Pit.
 19872 | Lair:2   | Noticed Erica
 19881 | Lair:2   | Killed Erica
 19881 | Lair:2   | Reached ****** piety under Trog
 19884 | Lair:2   | Received a gift from Trog
 21100 | Lair:3   | Found a staircase to the Shoals.
 21455 | Lair:4   | Reached skill level 16 in Axes
 21457 | Lair:4   | Received a gift from Trog
 22430 | Lair:5   | Found a staircase to the Slime Pits.
 22779 | Lair:5   | Received a gift from Trog
 22962 | Lair:6   | Entered Level 6 of the Lair of Beasts
 23092 | Lair:6   | Reached XP level 16. HP: 82/150 MP: 16/16
 23169 | Lair:6   | Reached skill level 10 in Evocations
 24082 | Lair:6   | Found a runed translucent door.
 24385 | Snake:1  | Entered Level 1 of the Snake Pit
 24484 | Snake:1  | Found Amoticut's Jewellery Emporium.
 24570 | Snake:1  | Found a transporter.
 24570 | Snake:1  | Found a transporter.
 24575 | Snake:1  | Found a transporter.
 24583 | Snake:1  | Found a transporter.
 24599 | Snake:1  | Received a gift from Trog
 24660 | Snake:1  | Found a transporter.
 25700 | Snake:2  | Found a sacrificial altar of Ru.
 25721 | Snake:2  | Reached XP level 17. HP: 157/160 MP: 17/17
 26316 | Snake:3  | Received a gift from Trog
 26348 | Snake:3  | Reached skill level 17 in Axes
 26379 | Snake:3  | Found a white marble altar of Elyvilon.
 26403 | Snake:3  | Noticed Aizul
 26699 | Snake:3  | Killed Aizul
 27092 | Snake:3  | Received a gift from Trog
 27274 | Snake:4  | Entered Level 4 of the Snake Pit
 27724 | Snake:4  | Noticed Asterion
 27872 | Snake:4  | Killed Asterion
 28350 | Snake:4  | Received a gift from Trog
 28421 | Snake:4  | Reached XP level 18. HP: 132/172 MP: 18/18
 28783 | Snake:4  | Got a serpentine rune of Zot
 29062 | D:14     | You paid a toll of a +5 demon trident to enter a treasure
                  | trove
 29063 | Trove    | Entered a treasure trove
 29089 | Trove    | Got a crude copper ring
 29091 | Trove    | Got a warped wooden ring
 29176 | D:14     | Identified the ring of the Lily {+Fly rPois Int+4 Dex+4}
                  | (You found it in a treasure trove)
 29178 | D:14     | Identified the ring of Leaves {rElec rN+ MR+ Dex+4 Stlth+}
                  | (You found it in a treasure trove)
 29486 | Shoals:1 | Entered Level 1 of the Shoals
 29577 | Shoals:1 | Found a transporter.
 29583 | Shoals:1 | Noticed Qexka's ghost (journeyman DsBe)
 29598 | Shoals:1 | Found a transporter.
 29809 | Shoals:1 | Found an ornate altar of the Wu Jian Council.
 29836 | Shoals:1 | Identified the cursed +1 scale mail "Ycolas" {-Tele Str+7}
                  | (You found it on level 1 of the Shoals)
 30016 | Shoals:1 | Reached skill level 15 in Fighting
 30122 | Shoals:1 | Killed Qexka's ghost
 30125 | Shoals:1 | Got a fine bone ring
 30153 | Shoals:1 | Identified the ring of Zogeudih {rF+ MR+} (You found it on
                  | level 1 of the Shoals)
 30553 | Shoals:2 | Received a gift from Trog
 30635 | Shoals:2 | Reached skill level 18 in Axes
 30784 | Shoals:2 | Found Pypsonk's Armour Emporium.
 30801 | Shoals:2 | Found a runed translucent door.
 31736 | Shoals:4 | Entered Level 4 of the Shoals
 31899 | Shoals:4 | Received a gift from Trog
 31971 | Shoals:4 | Found a runed translucent door.
 31971 | Shoals:4 | Noticed Execuda's ghost (adept MiBe)
 32095 | Shoals:4 | Got a barnacled rune of Zot
 32369 | Shoals:4 | Reached XP level 19. HP: 53/181 MP: 19/19
 32973 | Orc:1    | Bought a potion of haste for 140 gold pieces
 32973 | Orc:1    | Bought a potion of curing for 42 gold pieces
 32973 | Orc:1    | Bought a potion of heal wounds for 70 gold pieces
 32992 | Elf:1    | Entered Level 1 of the Elven Halls
 33123 | Elf:1    | Received a gift from Trog
 33288 | Elf:1    | Found Lyfibb's Jewellery Boutique.
 33908 | Elf:2    | Found a runed translucent gate.
 33915 | Elf:2    | Found a runed translucent gate.
 33917 | Elf:2    | Found a runed translucent gate.
 34436 | Elf:2    | Found a radiant altar of Vehumet.
 34441 | Elf:2    | Received a gift from Trog
 34622 | Elf:3    | Entered Level 3 of the Elven Halls
 34640 | Elf:3    | Found a runed translucent door.
 34640 | Elf:3    | Noticed ANON1729's ghost (adept MiDe)
 34669 | Elf:3    | Killed ANON1729's ghost
 34673 | Elf:3    | Identified the cursed +0 scale mail of the Tick {Rampage
                  | +Fly Stlth+} (You found it on level 3 of the Elven Halls)
 35165 | Elf:3    | Found Kumiquurch's Armour Shoppe.
 35385 | Elf:3    | Noticed a Tzitzimitl
 35529 | Elf:3    | Identified the +3 broad axe of Instinct {distort, Int-2
                  | Dex+3 Stlth+}
 35533 | Elf:3    | Reached XP level 20. HP: 162/192 MP: 20/20
 35534 | Elf:3    | Received a gift from Trog
 35653 | Elf:3    | Noticed Nikola
 35667 | Elf:3    | Killed Nikola
 36466 | Shoals:4 | Killed Execuda's ghost
 36732 | D:6      | Killed ikjuyhgtrf's ghost
 36929 | Vaults:1 | Entered Level 1 of the Vaults
 36950 | Vaults:1 | Found Gexzaf's General Store.
 37029 | Vaults:1 | Bought a wand of iceblast (10) for 154 gold pieces
 37045 | Vaults:1 | Reached skill level 19 in Axes
 37047 | Vaults:1 | Received a gift from Trog
 37082 | Vaults:1 | Found Ycit Pes's Gadget Shoppe.
 37090 | Vaults:1 | Bought a wand of acid (6) for 280 gold pieces
 37090 | Vaults:1 | Bought a wand of acid (6) for 280 gold pieces
 37718 | Vaults:1 | Received a gift from Trog
 37860 | Vaults:1 | Found Juhonor's Book Emporium.
 38063 | Vaults:1 | Found Qemotz's Book Shop.
 39095 | Vaults:2 | Reached XP level 21. HP: 182/202 MP: 21/21
 39417 | Vaults:3 | Reached skill level 15 in Evocations
 39526 | Vaults:3 | Received a gift from Trog
 39846 | Vaults:3 | Received a gift from Trog
 39936 | Vaults:3 | Found a staircase to the Crypt.
 40009 | Crypt:1  | Entered Level 1 of the Crypt
 40071 | Crypt:1  | Identified the +1 robe of the Stonemason {-Tele Int+5 SInv}
 40708 | Crypt:1  | Found a runed translucent door.
 40708 | Crypt:1  | Found a shimmering altar of Xom.
 40708 | Crypt:1  | Noticed Namod's ghost (veteran GrFi)
 40708 | Crypt:1  | Identified the +5 morningstar "Newt's Nightmare" {chaos,
                  | *Noise Dex+5}
 41175 | Crypt:2  | Noticed an ancient lich
 41179 | Crypt:2  | Received a gift from Trog
 41182 | Crypt:2  | Reached skill level 15 in Armour
 41183 | Crypt:2  | Killed an ancient lich
 41183 | Crypt:2  | Reached skill level 15 in Dodging
 41272 | Crypt:2  | Identified the Almanac of Black Rituals
 41650 | Crypt:2  | Reached XP level 22. HP: 62/214 MP: 22/22
 41652 | Crypt:2  | Reached skill level 20 in Axes
 41792 | Crypt:2  | Paralysed by a vampire knight for 6 turns
 41887 | Crypt:2  | Found the +12 Vampire's Tooth {vamp}
 41968 | Crypt:3  | Entered Level 3 of the Crypt
 42156 | Crypt:3  | Received a gift from Trog
 42458 | Crypt:3  | Found a staircase to the Tomb.
 43312 | Crypt:3  | Received a gift from Trog
 43401 | Crypt:3  | Noticed an ancient lich
 43410 | Crypt:3  | Killed an ancient lich
 43421 | Crypt:3  | Identified the Volume of Dark Arts
 43437 | Crypt:3  | Got a coiled crystal amulet
 43437 | Crypt:3  | Got a smoking golden ring
 43439 | Crypt:3  | Identified the amulet "Binu Ginn" {+Fly Regen+ Dex+4} (You
                  | found it on level 3 of the Crypt)
 43451 | Crypt:3  | Identified the ring "Tympur" {*Slow +Blink rN+ Dex+4} (You
                  | found it on level 3 of the Crypt)
 43563 | Crypt:3  | Found an ancient bone altar of Kikubaaqudgha.
 44225 | Vaults:3 | Found Agaash's Armour Boutique.
 44299 | Vaults:3 | Received a gift from Trog
 44618 | Vaults:4 | Received a gift from Trog
 44637 | Vaults:4 | Reached XP level 23. HP: 207/225 MP: 23/23
 44660 | Vaults:4 | Identified the +1 trident "Grim Tooth" {vorpal, rF+ Int+9
                  | Stlth-}
 45393 | Vaults:4 | Acquired the +5 pair of gloves of Salvation {Str+3}
 45431 | Vaults:4 | Received a gift from Trog
 45748 | Vaults:5 | Entered Level 5 of the Vaults
 45756 | Vaults:5 | Reached skill level 21 in Axes
 46081 | Vaults:5 | Received a gift from Trog
 46251 | Vaults:5 | Noticed Frederick
 46261 | Vaults:5 | Killed Frederick
 46261 | Vaults:5 | Reached XP level 24. HP: 223/237 MP: 23/23
 46386 | Vaults:5 | Found the +3 Elemental Staff {rElec rF++ rC++ MR++ AC+5}
 46572 | Vaults:5 | Got a silver rune of Zot
 46606 | Vaults:5 | Received a gift from Trog
 46890 | Vaults:5 | Found the +8 whip "Snakebite" {curare, rPois}
 46895 | Vaults:5 | Found Limiezeekk's Jewellery Shoppe.
 46897 | Vaults:5 | Got a faintly glowing graven amulet
 46900 | Vaults:5 | Identified the amulet "Buukhol" {Inacc MR+} (You found it
                  | on level 5 of the Vaults)
 46910 | Vaults:5 | Bought the ring "Heowoffa" {rPois MR+ Str+6 Slay+5} for
                  | 1926 gold pieces
 47305 | Vaults:5 | Identified the +5 battleaxe "Digusats" {vorpal, +Inv rPois
                  | MR-} (You found it on level 5 of the Vaults)
 47306 | Vaults:5 | Identified the Volume of Dark Ice
 47498 | Depths:1 | Entered Level 1 of the Depths
 47503 | Depths:1 | Found a gateway to Hell.
 47527 | Depths:1 | Noticed the Enchantress
 47545 | Depths:1 | Noticed a juggernaut
 47568 | Depths:1 | Killed a juggernaut
 47777 | Depths:1 | Cast into level 2 of the Abyss (the Enchantress)
 47918 | Abyss:2  | Gained mutation: You are occasionally teleported next to
                  | monsters. [a neqoxec]
 47995 | Abyss:2  | Identified the +6 war axe of Vengeance {vorpal, rN+ Dex+3}
                  | (You found it on level 2 of the Abyss)
 48057 | Abyss:2  | Lost mutation: You are agile. (Dex +2) [potion of mutation]
 48057 | Abyss:2  | Lost mutation: You expend magic power (3 MP) to strengthen
                  | your wands. [potion of mutation]
 48057 | Abyss:2  | Gained mutation: Your flesh is heat resistant. (rF+)
                  | [potion of mutation]
 48057 | Abyss:2  | Gained mutation: Your spells are a little easier to cast,
                  | but a little less powerful. [potion of mutation]
 48057 | Abyss:2  | Gained mutation: You have a pair of small horns on your
                  | head. [potion of mutation]
 48058 | Abyss:2  | Lost mutation: Your spells are a little easier to cast, but
                  | a little less powerful. [potion of mutation]
 48058 | Abyss:2  | Lost mutation: Your natural rate of healing is unusually
                  | fast. [potion of mutation]
 48058 | Abyss:2  | Gained mutation: You have large cloven feet. [potion of
                  | mutation]
 48058 | Abyss:2  | Lost mutation: Your flesh is heat resistant. (rF+) [potion
                  | of mutation]
 48058 | Abyss:2  | Gained mutation: Your mind is acute. (Int +2) [potion of
                  | mutation]
 48059 | Abyss:2  | Lost mutation: Your mind is acute. (Int +2) [potion of
                  | mutation]
 48059 | Abyss:2  | Lost mutation: Your flesh is cold resistant. (rC+) [potion
                  | of mutation]
 48059 | Abyss:2  | Lost mutation: You have a pair of small horns on your head.
                  | [potion of mutation]
 48059 | Abyss:2  | Lost mutation: You have large cloven feet. [potion of
                  | mutation]
 48059 | Abyss:2  | Gained mutation: You have sharp fingernails. [potion of
                  | mutation]
 48059 | Abyss:2  | Gained mutation: Your flesh is heat resistant. (rF+)
                  | [potion of mutation]
 48060 | Abyss:2  | Lost mutation: You are occasionally teleported next to
                  | monsters. [potion of mutation]
 48060 | Abyss:2  | Lost mutation: You have sharp fingernails. [potion of
                  | mutation]
 48060 | Abyss:2  | Lost mutation: Your flesh is heat resistant. (rF+) [potion
                  | of mutation]
 48060 | Abyss:2  | Gained mutation: Your muscles are strong. (Str +2) [potion
                  | of mutation]
 48060 | Abyss:2  | Gained mutation: You do not regenerate when monsters are
                  | visible. [potion of mutation]
 48060 | Abyss:2  | Gained mutation: Your flesh is heat resistant. (rF+)
                  | [potion of mutation]
 48088 | Abyss:2  | Received a gift from Trog
 48179 | Depths:1 | Escaped the Abyss
 48541 | Depths:1 | Killed the Enchantress
 48541 | Depths:1 | Reached skill level 22 in Axes
 48645 | Depths:1 | Identified the cursed +0 pair of gloves "Finkuigh" {SInv}
                  | (You found it on level 1 of the Depths)
 48948 | Depths:1 | Noticed Sojobo
 48962 | Depths:1 | Killed Sojobo
 49307 | Depths:2 | Reached XP level 25. HP: 187/248 MP: 23/23
 49455 | Depths:2 | Received a gift from Trog
 50021 | Depths:2 | Received a gift from Trog
 50106 | Depths:2 | Found Qajodio's Gadget Emporium.
 50106 | Depths:2 | Found Reyzibb's Jewellery Boutique.
 50107 | Depths:2 | Found Ytruomaj's Jewellery Boutique.
 50311 | Depths:3 | Found a bloodstained altar of Trog.
 50567 | Depths:3 | Paralysed by a floating eye for 2 turns
 50578 | Depths:3 | Found a white marble altar of Elyvilon.
 50809 | Depths:3 | Found a shimmering blue altar of Sif Muna.
 50868 | Depths:3 | Noticed a juggernaut
 50875 | Depths:3 | Killed a juggernaut
 50903 | Depths:3 | Found a one-way gate leading to the halls of Pandemonium.
 51055 | Depths:3 | Got a coiled iron ring
 51056 | Depths:3 | Identified the ring of Riniyg {rPois rF+ EV+4 Str+8 Dex-2}
                  | (You found it on level 3 of the Depths)
 51123 | Depths:3 | Noticed Margery
 51135 | Depths:3 | Killed Margery
 51163 | Depths:3 | Got a scorched iron ring
 51164 | Depths:3 | Identified the ring of Xezur {*Tele *Corrode rN+ Str+4}
                  | (You found it on level 3 of the Depths)
 51211 | Depths:3 | Found a transporter.
 51241 | Depths:3 | Got a coiled tin ring
 51242 | Depths:3 | Identified the ring "Usucryuso" {rF+ MR+ Dex-5 Stlth-} (You
                  | found it on level 3 of the Depths)
 51258 | Depths:3 | Found a transporter.
 51413 | Depths:4 | Paralysed by a great orb of eyes for 7 turns
 51663 | Depths:4 | Reached XP level 26. HP: 191/261 MP: 23/23
 51815 | Depths:4 | Found a gateway to a ziggurat.
 51820 | Depths:4 | Received a gift from Trog
 51958 | Depths:4 | Found a one-way gate to the infinite horrors of the Abyss.
 52090 | Depths:4 | Reached skill level 23 in Axes
 52333 | Depths:4 | Identified the cursed ring of Wuudivu {rC- rN++ Str-4
                  | Slay+4}
 52333 | Depths:4 | Noticed a juggernaut
 52337 | Depths:4 | Identified the ring "Kaechaith" {rN+ MP+9 Str+3}
 52338 | Depths:4 | Identified the ring "Qicoe" {Fire MR- Int+5 Slay+4}
 52342 | Depths:4 | Killed a juggernaut
 52620 | Depths:4 | Got a warped lead amulet
 52621 | Depths:4 | Identified the amulet "Puadodim" {Inacc MR+} (You found it
                  | on level 4 of the Depths)
 52860 | Depths:5 | Entered Level 5 of the Depths
 53167 | Depths:5 | Received a gift from Trog
 53347 | Depths:5 | Found a gate to the Realm of Zot.
 53675 | Depths:5 | Noticed a juggernaut
 53681 | Depths:5 | Killed a juggernaut
 54407 | Slime:1  | Entered Level 1 of the Pits of Slime
 54675 | Slime:2  | Received a gift from Trog
 54782 | Slime:5  | Entered Level 5 of the Pits of Slime
 55215 | Slime:5  | Noticed the Royal Jelly
 55340 | Slime:5  | Reached XP level 27. HP: 249/271 MP: 23/23
 55349 | Slime:5  | Found a viscous altar of Jiyva.
 55704 | Slime:5  | Killed the Royal Jelly
 55731 | Slime:5  | Identified the +2 troll leather armour "Zadupt" {Rampage
                  | *Slow rPois Regen+ Stlth+} (You found it on level 5 of the
                  | Pits of Slime)
 55735 | Slime:5  | Got a slimy rune of Zot
 56217 | Zig:1    | Entered Level 1 of a ziggurat
 56376 | Zig:2    | Entered Level 2 of a ziggurat
 56403 | Zig:3    | Entered Level 3 of a ziggurat
 56407 | Zig:3    | Received a gift from Trog
 56422 | Zig:4    | Entered Level 4 of a ziggurat
 56448 | Zig:5    | Entered Level 5 of a ziggurat
 56579 | Zig:6    | Entered Level 6 of a ziggurat
 56596 | Zig:6    | Paralysed by accursed screaming for 2 turns
 56687 | Zig:7    | Entered Level 7 of a ziggurat
 56692 | Zig:7    | Noticed a greater mummy
 56710 | Zig:7    | Killed a greater mummy
 56943 | Zig:7    | Identified the +8 broad axe of Melee {elec, +Inv rN+ Dex+3}
                  | (You found it on level 7 of a ziggurat)
 56946 | Zig:8    | Entered Level 8 of a ziggurat
 56955 | Zig:8    | Reached skill level 24 in Axes
 57031 | Zig:9    | Entered Level 9 of a ziggurat
 57044 | Zig:9    | Received a gift from Trog
 57046 | Zig:9    | Slain by a reaper

Illustrated notes

Levels and vault maps discovered:
D:1:      dpeg_arrival_oval, layout_basic, serial_forest,
          infiniplex_forest_lined_3, infiniplex_forest_lined_4_way,
          infiniplex_forest_lined_2, infiniplex_forest_end_1,
          infiniplex_forest_straight_2, infiniplex_forest_clump_large,
          infiniplex_forest_zigzag_2
D:2:      layout_loops_ring
D:3:      layout_basic, hex_large, lemuel_altar_in_water
D:4:      wad_lake_hut, layout_basic, minmay_mini_ossuary
D:5:      layout_rooms, enter_ossuary_2, tgw_trog
D:6:      layout_loops_ring, ebering_ghost_xom, uniq_crazy_yiuf_cottage
D:7:      layout_loops_ring, lemuel_mausoleum_altar_kikubaaqudgha,
          minmay_temple_entry_enclosed_plants, basic_altar, serial_shops, shop,
          shop_fountains, nicolae_shop_trees
D:8:      layout_basic, corexii_checkpoint_a
D:9:      layout_irregular_city
D:10:     layout_cave_pools, serial_ice, serial_ice_f, serial_ice_m,
          serial_ice_n, serial_ice_h
D:11:     layout_big_octagon, lair_entry_dummy, minmay_fire_ice_demons
D:12:     layout_loops_ring, orc_0_dummy, serial_shops,
          nicolae_shop_competitors_out_of_business, serial_rivers,
          chequers_serial_rivers_large_b, chequers_serial_rivers_small_3,
          chequers_serial_rivers_large_a, chequers_serial_rivers_micro_b,
          chequers_serial_rivers_small_b, uniq_nessos, uniq_kirke
D:13:     layout_loops_corners, portal_ice_cave_entry_pillars_2, uniq_snorg
D:14:     minmay_crescents, layout_loops_ring, grunt_vaults_entry_tiered,
          serial_shops, shop, enter_trove_1, nicolae_lava_and_water,
          uniq_josephine, uniq_louise
D:15:     grunt_enter_depths_giant_problem, layout_basic, special_room
          [special_room_mythical_zoo], ebering_dispersal_statue_hall, uniq_agnes
Temple:   minmay_crystal_snake_temple
Lair:1:   layout_regular_city, minmay_shattered_shrine
Lair:2:   minmay_lair_oklob_tunnel, layout_loops_ring,
          minmay_snake_entry_guardpost_small, grunt_forest_large_clearings,
          grunt_megastairs_4, uniq_erica
Lair:3:   layout_roguey, minmay_shoals_entry_hut, beast_lair_carwin_1,
          lemuel_fruit_tree
Lair:4:   layout_regular_city, infiniplex_staircase_pool, serial_bayou_shore_a,
          minmay_lair_oklob_chamber
Lair:5:   layout_roguey, minmay_slime_entry_jelly_boxes,
          chequers_serial_rivers_room_a, zaba_antful_of_joy
Lair:6:   wormcave, layout_cave_pods, guppyfry_lair_end_dragon,
          grunt_megastairs_2
Shoals:1: layout_shoals, gammafunk_ghost_berserking_beasts,
          nicolae_shoals_square_sea_wall, lemuel_centaur_altar
Shoals:2: layout_shoals, serial_shops, shop_statue, lightli_airlock
Shoals:3: layout_shoals
Shoals:4: shoals_end_simple, layout_shoals, gammafunk_ghost_grave
Snake:1:  gammafunk_the_bubble [the_bubble_gammafunk_roulette], layout_chambers,
          serial_shops, shop, nrook_guardian_serpent_double
Snake:2:  layout_cave_pods, basic_altar
Snake:3:  nicolae_aizul_guard, layout_cave_town, basic_altar,
          grunt_ministairs_6, serial_bayou_pond_d
Snake:4:  minmay_snake_end_coiled, layout_misc_corridors, uniq_asterion
Slime:1:  layout_caves
Slime:2:  layout_caves
Slime:3:  layout_caves
Slime:4:  layout_caves
Slime:5
Orc:1:    layout_diamond_mine, biasface_ghost_orc_armoury, serial_shops,
          nicolae_shop_competitors_out_of_business,
          nicolae_volcano_entry_batcave
Orc:2:    st_orc_town, layout_caves
Elf:1:    layout_rooms, serial_shops, nicolae_shop_stone,
          minmay_elf_crystal_heptagon, minivault_19, minivault_25_ag, drop_trap
Elf:2:    layout_gridlike, basic_altar
Elf:3:    minmay_elf_hall_x, layout_geoelf_castle, gammafunk_ghost_grave,
          serial_shops, nicolae_shop_crystal, uniq_nikola
Vaults:1: v_alt_pattern_5, nicolae_vaults_little_squares_6,
          nicolae_vaults_know_your_exits, ontoclasm_vaults_tryst, v_misc_22,
          vaults_standard_mumra_x, nicolae_vaults_diagonal_hallway_8,
          vaults_mumra_hex, ontoclasm_vaults_chip, layout_vaults_omnigrid,
          serial_shops, nicolae_shop_trees, nicolae_shop_window_shopping,
          shop_coins, shop_statue
Vaults:2: hangedman_vaults_maws, v_pattern_4, nicolae_vaults_circle_grid_b,
          vaults_room_fancy_cross, vaults_dpeg_ring,
          nicolae_vaults_twisting_passages, v_misc_5,
          nicolae_vaults_little_squares_1, grunt_vaults_trifunnel, v_misc_26,
          nicolae_vaults_little_squares_1, nicolae_vaults_specimen_jars,
          vaults_dpeg_spiral, layout_vaults_omnibox
Vaults:3: grunt_vaults_twisty, nicolae_vaults_little_squares_4,
          vaults_room_octagon, minmay_crypt_entry_nasty_monster,
          vaults_room_pools, serial_ice_g, vaults_room_hangedman_quadrants,
          vaults_room_fancy_cross, ontoclasm_vaults_shuriken, vaults_room_pools,
          vaults_room_corners, vaults_room_corners, layout_vaults_chaotic_city,
          serial_shops, shop
Vaults:4: st_spiral_rooms, v_misc_10, v_alt_pattern_4, hangedman_vaults_trim,
          vaults_dpeg_cross, ontoclasm_vaults_hangar,
          nicolae_vaults_shelves_hall, serial_ice_m,
          nicolae_vaults_network_star, v_misc_12, ontoclasm_vaults_chip,
          hangedman_vaults_capsules, v_misc_24, layout_vaults_ring
Vaults:5: uniq_frederick
Crypt:1:  layout_chaotic_city, ebering_ghost_xom, grunt_crypt_arrival_split
Crypt:2:  layout_gridlike, special_room [special_room_morgue],
          grunt_ministairs_13, minmay_guarded_unrand_vampires_tooth,
          grunt_megastairs_3
Crypt:3:  evilmike_haunted_forest
Depths:1: layout_small_grid, nrook_pool_corridor, hell_entry,
          hangedman_decor_slide_cut, minmay_door_square, minislime_mu,
          infiniplex_staircase_pool_lava, uniq_sojobo, uniq_enchantress
Depths:2: minmay_sliced_demisemicircle, layout_cave_pools,
          chequers_serial_rivers_small_b, hell_entry, infiniplex_staircase_star,
          minmay_shop_grove
Depths:3: hangedman_spin_cycle, hell_entry, pan_entry
Depths:4: minmay_the_grid_triangle_9x9_recursive_3_mashed
          [minmay_the_grid_triangle_9x9_empty,
          minmay_the_grid_triangle_9x9_swiss_cheese,
          minmay_the_grid_triangle_9x9_intruding_spiral,
          minmay_the_grid_triangle_9x9_prize_special,
          minmay_the_grid_triangle_9x9_semitri,
          minmay_the_grid_triangle_9x9_thin_v,
          minmay_the_grid_triangle_9x9_minimal,
          minmay_the_grid_triangle_9x9_dagger,
          minmay_the_grid_triangle_9x9_skeleton], layout_honeycomb,
          enter_ziggurat_b, rand_demon_pan_entry_3, minmay_misc_feat_five,
          hangedman_abyss_entry_splay, hell_entry, uniq_margery
Depths:5: grunt_x_marks_the_spot, layout_gridlike, abyss_entry,
          chequers_serial_rivers_room_b, hell_entry
Zig:9

Skill      XL: |  1  2  3  4  5  6  7  8  9 10 11 12 13 14 15 16 17 18 19 20 21 22 23 24 25 26 27 |
---------------+----------------------------------------------------------------------------------+-----
Armour         | 2 3 4 5 6 7 8 9 10 11 12 13 14 15 16 17 18 19 | 19.5
Dodging        | 2 3 4 5 6 7 8 9 10 11 12 13 14 15 16 17 18 19 | 19.4
Axes           | 4 5 6 8 9 10 12 13 14 15 16 17 18 19 20 21 22 23 24 | 24.0
Fighting       | 4 5 6 8 10 11 12 13 14 15 16 17 18 19 20 21 22 | 22.4
Evocations     | 3 4 5 6 7 9 11 12 13 14 15 | 15.0

Action                   |  1- 3 |  4- 6 |  7- 9 | 10-12 | 13-15 | 16-18 | 19-21 | 22-24 | 25-27 || total
-------------------------+-------+-------+-------+-------+-------+-------+-------+-------+-------++-------
Melee: Hand axe          |   127 |   134 |   386 |   408 |       |       |       |       |       ||  1055
       Tailslap          |    17 |    20 |    58 |   106 |   184 |   280 |   353 |   353 |   189 ||  1560
       Rapier            |       |       |       |    26 |       |       |       |       |       ||    26
       Battleaxe         |       |       |       |   109 |    44 |    10 |       |       |       ||   163
       War axe           |       |       |       |    24 |   926 |  1349 |  1263 |       |       ||  3562
       Unarmed           |       |       |       |       |    50 |       |       |       |       ||    50
       Executioner's axe |       |       |       |       |       |       |   163 |  1384 |   779 ||  2326
Invok: Berserk           |     1 |       |     2 |     9 |     5 |     5 |     4 |     1 |     1 ||    28
       Trog's Hand       |       |       |       |     3 |     6 |     4 |     3 |    12 |     9 ||    37
       Brothers in Arms  |       |       |       |       |       |     1 |       |     3 |       ||     4
 Abil: Rolling Charge    |     3 |       |       |     2 |     4 |     1 |     1 |       |    13 ||    24
Evoke: Wand              |       |       |       |    14 |    16 |     3 |       |    21 |    11 ||    65
       Box of beasts     |       |       |       |     4 |     4 |     1 |     4 |     3 |     2 ||    18
       Condenser vane    |       |       |       |       |     4 |     6 |     7 |     4 |     6 ||    27
       Lightning rod     |       |       |       |       |       |       |     4 |       |       ||     4
       Tin of tremorston |       |       |       |       |       |       |     3 |     3 |     6 ||    12
  Use: Scroll            |       |     8 |     6 |     3 |    18 |    18 |    14 |    16 |    17 ||   100
       Potion            |       |     3 |     2 |     1 |     5 |     3 |     3 |     8 |     8 ||    33
 Stab: Sleeping          |     1 |       |       |       |       |       |       |     1 |     1 ||     3
       Confused          |       |       |       |     1 |    13 |       |       |       |       ||    14
       Paralysed         |       |       |       |     7 |       |       |       |       |       ||     7
       Distracted        |       |       |       |       |       |       |     2 |     5 |     1 ||     8
Armor: Animal skin       |    36 |     3 |       |       |       |       |       |       |       ||    39
       Ring mail         |       |    70 |    69 |       |       |       |       |       |       ||   139
       Chain mail        |       |       |   105 |   235 |   445 |   782 |   695 |   861 |       ||  3123
       Plate armour      |       |       |    39 |       |       |       |       |       |       ||    39
       Acid dragon scale |       |       |       |       |       |       |       |    52 |   431 ||   483
Dodge: Dodged            |    52 |    43 |   108 |   175 |   477 |   974 |   700 |   948 |   786 ||  4263
       Repelled          |       |       |       |       |     4 |    51 |    17 |    19 |    20 ||   111
Block: Other             |       |       |     7 |   102 |   166 |       |       |       |       ||   275
       Reflection        |       |       |       |     5 |     5 |       |       |       |       ||    10

Table legend: (Time is in decaauts)
 A = Elapsed time spent in this place.
 B = Non-inter-level travel time spent in this place.
 C = Inter-level travel time spent in this place.
 D = Time resting spent in this place.
 E = Time spent auto-exploring this place.
 F = Levels seen in this place.
 G = Mean time per level.
                   A        B        C        D        E       F      G
               +--------+--------+--------+--------+--------+-----+--------+
         Total |  56479 |  52045 |   4434 |  10903 |  27976 |  67 |  843.0 |
       Dungeon |  16220 |  14491 |   1729 |   3490 |   8327 |  15 | 1081.3 |
        Temple |      1 |      1 |      0 |      0 |      0 |   1 |    1.0 |
          Lair |   5878 |   5079 |    799 |    110 |   3987 |   6 |  979.7 |
        Shoals |   3715 |   3226 |    489 |    447 |   1847 |   4 |  928.8 |
     Snake Pit |   4484 |   4226 |    258 |    931 |   2332 |   4 | 1121.0 |
    Slime Pits |   1399 |   1301 |     98 |    506 |    232 |   5 |  279.8 |
  Orcish Mines |   2029 |   1850 |    179 |    356 |    957 |   2 | 1014.5 |
   Elven Halls |   3058 |   2918 |    140 |    560 |   1569 |   3 | 1019.3 |
        Vaults |   6374 |   6062 |    312 |    362 |   3809 |   5 | 1274.8 |
         Crypt |   3916 |   3804 |    112 |    830 |   1839 |   3 | 1305.3 |
        Depths |   6325 |   6012 |    313 |   1810 |   2656 |   5 | 1265.0 |
         Abyss |    396 |    396 |      0 |      0 |    186 |   1 |  396.0 |
      Ziggurat |    807 |    807 |      0 |    559 |      0 |   9 |   89.7 |
         Trove |    113 |    113 |      0 |      0 |     69 |   1 |  113.0 |
       Ossuary |    243 |    243 |      0 |      0 |    112 |   1 |  243.0 |
      Ice Cave |   1306 |   1306 |      0 |    938 |     52 |   1 | 1306.0 |
       Volcano |    210 |    210 |      0 |      0 |      0 |   1 |  210.0 |
               +--------+--------+--------+--------+--------+-----+--------+

Top non-repeatable levels by time:
    D:14: 2222 daAuts
    D:12: 2103 daAuts
 Crypt:3: 1929 daAuts
Depths:1: 1740 daAuts
Depths:4: 1640 daAuts
Vaults:5: 1569 daAuts
   Elf:3: 1478 daAuts
 Snake:4: 1404 daAuts
    D:13: 1354 daAuts
    D:15: 1353 daAuts
  Lair:6: 1336 daAuts
   IceCv: 1306 daAuts
Vaults:4: 1273 daAuts
 Snake:1: 1247 daAuts
Vaults:3: 1237 daAuts
